 Dungeon Crawl Stone Soup version 0.28-a0-664-gc179e30c89 (webtiles) character file.

Game seed: 8652888982046111776

53 bande the Skirmisher (level 3, -3/24 HPs)
             Began as a Gargoyle Fighter on Oct 16, 2021.
             Slain by a gnoll (10 damage)
             ... on level 3 of the Dungeon.
             The game lasted 00:03:38 (1845 turns).

bande the Skirmisher (Gargoyle Fighter)             Turns: 1845, Time: 00:03:39

Health: -3/24      AC: 10    Str: 20    XL:     3   Next: 89%
Magic:  3/3        EV:  9    Int:  8    God:
Gold:   88         SH:  4    Dex:  9    Spells: 2/2 levels left

rFire   . . .      SeeInvis .   a - +0 war axe
rCold   . . .      Faith    .   c - +0 buckler
rNeg    + . .      Spirit   .   b - +0 scale mail
rPois   ∞          Reflect  .   (no helmet)
rElec   +          Harm     .   (no cloak)
rCorr   .          Rampage  .   (no gloves)
Will    .....                   (no boots)
Stlth   ..........              (no amulet)
HPRegen 0.08/turn               (no ring)
MPRegen 0.08/turn               (no ring)

@: no status effects
A: sickness immunity, AC +3, negative energy resistance 1, electricity
resistance, torment resistance 1, petrification resistance
a: no special abilities


You were on level 3 of the Dungeon.
You visited 1 branch of the dungeon, and saw 3 of its levels.

You collected 88 gold pieces.

Inventory:

Hand Weapons
 a - a +0 war axe (weapon)
Armour
 b - a +0 scale mail (worn)
 c - a +0 buckler (worn)
Jewellery
 g - a ring of flight
Scrolls
 e - 2 scrolls of fog {unknown}
 f - 2 scrolls of identify
Potions
 d - 2 potions of might
 h - a potion of mutation {unknown}


   Skills:
 + Level 3.7 Fighting
 + Level 2.7 Axes
 + Level 3.7 Armour
 + Level 3.6 Shields


You had 2 spell levels left.
You didn't know any spells.
Your spell library was empty.

Dungeon Overview and Level Annotations

Branches:
Dungeon (3/15)

Altars:


Innate Abilities, Weirdness & Mutations

You are immune to sickness and miasma.
Your stone body is resilient. (AC +3)
You are immune to poison.
You resist negative energy. (rN+)
You are resistant to electric shocks. (rElec)
You are resistant to unholy torment.
You are immune to petrification.


Message History

There is a stone staircase leading down here.
Things that are here:
a +0 dagger; a stone You see here 13 stones.
You see here a +0 hunting sling.
Done exploring.
Done exploring.
Done exploring.
Things that are here:
a +0 dagger; 3 stones You see here a +0 hunting sling.
There is a stone staircase leading down here.
You climb downwards.
The adder hisses angrily.
The gnoll shouts!
You hear a shout!
There is a stone staircase leading up here.
The adder bites you.
Your scale mail prevents you from hitting the adder.
The adder bites you. The adder bites you but does no damage.
You barely miss the adder.
A gnoll comes into view. It is wielding a +0 halberd.
The adder bites you but does no damage.
You miss the adder. You block the adder's attack. The adder barely misses you.
You slash the adder!
The adder is almost dead.
You hit the gnoll but do no damage. The adder bites you but does no damage.
A gnoll comes into view. It is wielding a +0 quarterstaff.
The gnoll closely misses you. You block the adder's attack.
You completely miss the adder.
The adder is almost dead.
The gnoll shouts!
You slash the gnoll!
You hear a shout!
You block the adder's attack. The gnoll hits you with a +0 flail.
You block the adder's attack. The gnoll hits you with a +0 flail!
There is a stone staircase leading up here.
The adder bites you.
* * * LOW HITPOINT WARNING * * *
The gnoll hits you from afar with a +0 halberd!
You die...

# .##
###.# ....
#..# #..#
#.@# #Sg#
#.wg....#
......##.#
####.#.#
#.#.#
....g ...
.. ... ...


You could see 3 gnolls, an adder and a dart slug.

Vanquished Creatures
  5 endoplasms
  3 giant cockroaches
  2 goblins
  3 hobgoblins
  7 jackals (D:1)
  2 quokkas (D:1)
  6 ball pythons
  5 bats
  A frilled lizard (D:1)
  9 kobolds
  4 rats
47 creatures vanquished.

Notes
Turn   | Place    | Note
-------+----------+-------------------------------------------
     0 | D:1      | bande the Gargoyle Fighter began the quest for the Orb.
     0 | D:1      | Reached XP level 1. HP: 14/14 MP: 1/1
    58 | D:1      | Found a faded altar of an unknown god.
    61 | D:1      | Reached XP level 2. HP: 19/19 MP: 2/2
   493 | D:1      | Reached XP level 3. HP: 22/24 MP: 3/3
  1845 | D:3      | Slain by a gnoll

Illustrated notes

Levels and vault maps discovered:
D:1:      psy_arrival_terrarium, layout_loops_ring,
          hellmonk_ecumenical_altar_blasted
D:2:      layout_loops_ring, minivault_14
D:3:      layout_loops_cross, mainiacjoe_overflow_catwalk_spiral,
          ebering_ghost_reflecting_pool

Skill      XL: |  1  2 |
---------------+-------+-----
Axes           | 2 |  2.7
Fighting       | |  3.7
Armour         | |  3.7
Shields        | |  3.6

Action                   || total
-------------------------++-------
Melee: War axe           ||   139
  Use: Scroll            ||     2
Armor: Scale mail        ||   100
Dodge: Dodged            ||    78
Block: Buckler           ||    46

Table legend: (Time is in decaauts)
 A = Elapsed time spent in this place.
 B = Non-inter-level travel time spent in this place.
 C = Inter-level travel time spent in this place.
 D = Time resting spent in this place.
 E = Time spent auto-exploring this place.
 F = Levels seen in this place.
 G = Mean time per level.
                   A        B        C        D        E       F      G
               +--------+--------+--------+--------+--------+-----+--------+
         Total |   1900 |   1886 |     14 |      0 |   1544 |   3 |  633.3 |
       Dungeon |   1900 |   1886 |     14 |      0 |   1544 |   3 |  633.3 |
               +--------+--------+--------+--------+--------+-----+--------+

Top non-repeatable levels by time:
     D:1: 1011 daAuts
     D:2: 879 daAuts
     D:3: 9 daAuts
